 Dungeon Crawl Stone Soup version 0.31-a0-845-g9abc20d24f (webtiles) character file.

Game seed: 13761255590761795988

1947 Ethylacetat the Changeling (level 9, -8/91 HPs)
             Began as an Octopode Shapeshifter on Oct 3, 2023.
             Was an Initiate of Gozag.
             Killed from afar by a gargoyle (20 damage)
             ... with a stone arrow
             ... on level 7 of the Dungeon.
             The game lasted 00:08:09 (5867 turns).

Ethylacetat the Changeling (Octopode Shapeshifter)  Turns: 5867, Time: 00:08:09

Health: -8/91      AC: 24    Str: 13    XL:     9   Next: 18%
Magic:  9/9        EV:  2    Int: 13    God:    Gozag
Gold:   412        SH:  0    Dex: 15    Spells: 8/8 levels left

rFire   . .          .
                       - Unarmed
rCold   . . .        (no shield)
rNeg    . . .        (helmet currently unavailable)
rPois   +            (no amulet)
rElec   .            h - ring of resist corrosion
rCorr   +            (no ring)
SInv    .            (no ring)
Will    .....        (no ring)
Stlth   +            (no ring)
HPRegen 0.35/turn    (no ring)
MPRegen 0.11/turn    (no ring)
                     (no ring)

%: no passive effects
@: tree-form
A: stationary, stasis, torment immunity, boosted hp, almost no armour,
(amphibious), 8 rings, (camouflage 1), (gelatinous body 1), (nimble swimmer 1),
(tentacles)
a: Renounce Religion, Potion Petition, Call Merchant, Bribe Branch


You were on level 7 of the Dungeon.
You worshipped Gozag.
Gozag was aware of your devotion.
You were a tree.
You visited 2 branches of the dungeon, and saw 8 of its levels.

You collected 504 gold pieces.
You paid 92 gold pieces to Gozag.

Inventory:

Hand Weapons
 j - a +2 short sword of draining
Missiles
 q - a throwing net
Jewellery
 h - a ring of resist corrosion (left branch)
Talismans
 b - a beast talisman
Wands
 s - a wand of flame (37)
 x - a wand of roots (22)
 y - a wand of polymorph (2)
Scrolls
 c - a scroll of enchant armour {unknown}
 e - 7 scrolls of identify {unknown}
 g - a scroll of blinking {unknown}
 k - 2 scrolls of brand weapon {unknown}
 m - 2 scrolls of poison {unknown}
 n - 2 scrolls of silence {unknown}
 o - a scroll of vulnerability {unknown}
 B - a scroll of noise {unknown}
Potions
 d - 2 potions of heal wounds {unknown}
 f - 5 potions of curing
 i - a potion of cancellation {unknown}
 l - a potion of might {unknown}
 p - a potion of degeneration {unknown}
 r - a potion of magic {unknown}
 t - a potion of brilliance {unknown}
 u - 3 potions of enlightenment {unknown}
 v - 2 potions of resistance {unknown}
 w - a potion of mutation {unknown}
 z - a potion of berserk rage {unknown}
 A - a potion of attraction {unknown}


   Skills:
 + Level 5.2 Fighting
 + Level 5.4 Dodging
 + Level 6.0 Unarmed Combat
 * Level 7.4 Shapeshifting


You had 8 spell levels left.
You didn't know any spells.
Your spell library contained the following spells:

 Spells                   Type           Power      Damage    Failure   Level
 Freeze                   Ice            0%         1d3       30%         1
 Frozen Ramparts          Ice            0%         1d1       67%         3
 Hailstorm                Conj/Ice       0%         3d3       67%         3


Dungeon Overview and Level Annotations

Branches:
Dungeon (7/15)             Temple (1/1) D:5

Altars:
Ashenzari
Cheibriados
Dithmenos
Fedhas
Gozag
Hepliaklqana
Makhleb
Nemelex Xobeh
Okawaru
Ru
Sif Muna
Uskayaw
Vehumet
Wu Jian
Xom
Yredelemnul
Zin
The Shining One

Shops:
D:2 =


Innate Abilities, Weirdness & Mutations

You are a tree.
Your roots penetrate the ground, keeping you stationary.
You cannot be teleported.
You are immune to unholy pain and torment.
Your maximum health is greatly increased.
You cannot wear most types of armour.
((You are amphibious.))
You can wear up to eight rings at the same time.
((Your skin changes colour to match your surroundings (Stealth+).))
((Your rubbery body absorbs attacks. (AC +1, EV +1)))
((You are camouflaged when in or above water. (Stealth+)))
((You have tentacles for arms and can constrict up to eight enemies at once.))


Message History

No target in view!
A gargoyle comes into view. It is wielding a +0 mace.
A gargoyle is nearby!
A jelly comes into view.
The gargoyle hurls a stone arrow at you.
The stone arrow hits you!
There are monsters nearby!
The jelly quivers.
You tentacle-slap the gargoyle but do no damage.
Your grab misses the gargoyle. The gargoyle completely misses you.
You tentacle-slap the gargoyle. You grab the gargoyle.
The gargoyle is lightly damaged.
You constrict the gargoyle, but do no damage.
The gargoyle hits you with a +0 mace!!
Unknown command.
Your transformation has ended.
You turn into a tree.
Your roots penetrate the ground.
You lose your grip on the gargoyle.
The gargoyle completely misses you.
You hit the gargoyle but do no damage.
The gargoyle is lightly damaged.
The gargoyle hits you but does no damage.
You hit the gargoyle.
The gargoyle is moderately damaged.
The gargoyle hits you but does no damage.
You hit the gargoyle.
The gargoyle is heavily damaged.
The gargoyle hurls a stone arrow at you.
The stone arrow hits you!!
* * * LOW HITPOINT WARNING * * *
Unknown command.
Okay, then.
You smack the gargoyle!
The gargoyle is severely damaged.
The gargoyle hits you with a +0 mace!
* * * LOW HITPOINT WARNING * * *
You feel better.
The gargoyle hurls a stone arrow at you.
The stone arrow hits you!!
You die...
Your body crumbles into a pile of gold.

### #..
... #.#
#.# #J#
#9# #♣#
#.# #.#
######.#
#......#
#.######
#.###
##...##
#.....#


You could see a gargoyle and a jelly.

Vanquished Creatures
  Pikel (D:6)
  Grinder (D:6)
  Edmund (D:6)
  A water moccasin (D:7)
  A black bear (D:4)
  3 lemures (D:6)
  2 phantoms (D:6)
  Blork the orc (D:6)
  3 scorpions
  3 hounds (D:4)
  3 orc priests (D:5)
  A sleepcap (D:6)
  An iron imp (D:6)
  3 orc wizards
  An iguana (D:5)
  9 gnolls
  8 adders
  2 white imps (D:6)
  2 ufetubi (D:5)
  A worm (D:2)
  3 dart slugs
  26 orcs
  A bat (D:3)
  8 endoplasms
  2 giant cockroaches
  3 goblins (D:3)
  3 hobgoblins
  A quokka (D:1)
  4 ball pythons
  5 frilled lizards
  3 kobolds
  6 rats
113 creatures vanquished.

Notes
Turn   | Place    | Note
-------+----------+-------------------------------------------
     0 | D:1      | Ethylacetat the Octopode Shapeshifter began the quest for
                  | the Orb.
     0 | D:1      | Reached XP level 1. HP: 13/13 MP: 1/1
    82 | D:1      | Reached XP level 2. HP: 16/18 MP: 2/2
   804 | D:2      | Reached XP level 3. HP: 22/23 MP: 3/3
   971 | D:2      | Found Raeneaga's Jewellery Emporium.
  1520 | D:3      | Reached XP level 4. HP: 29/29 MP: 4/4
  2126 | D:3      | Reached skill level 4 in Shapeshifting
  2128 | D:3      | Reached XP level 5. HP: 31/34 MP: 5/5
  2483 | D:4      | Identified the +0 ring mail "Senoc" {rElec rF- rN+ SInv}
  2490 | D:4      | Noticed a black bear
  2501 | D:4      | Killed a black bear
  2502 | D:4      | Reached XP level 6. HP: 21/41 MP: 6/6
  3326 | D:5      | Entered Level 5 of the Dungeon
  3333 | D:5      | Reached skill level 5 in Shapeshifting
  3333 | D:5      | Reached XP level 7. HP: 46/46 MP: 7/7
  3844 | D:5      | Found a staircase to the Ecumenical Temple.
  3871 | Temple   | Entered the Ecumenical Temple
  3877 | Temple   | Became a worshipper of Gozag Ym Sagoz the Greedy
  4388 | D:6      | Noticed Grinder
  4519 | D:6      | Paralysed by Grinder for 3 turns
  4539 | D:6      | Paralysed by Grinder for 4 turns
  4545 | D:6      | Killed Grinder
  4546 | D:6      | Reached skill level 5 in Unarmed Combat
  4546 | D:6      | Reached skill level 6 in Shapeshifting
  4546 | D:6      | Reached XP level 8. HP: 11/54 MP: 8/8
  4892 | D:6      | Noticed Pikel
  4927 | D:6      | Killed Pikel
  4928 | D:6      | Reached skill level 5 in Dodging
  5313 | D:6      | Found a hide-covered altar of Uskayaw.
  5324 | D:6      | Reached skill level 7 in Shapeshifting
  5359 | D:6      | Noticed Blork the orc
  5366 | D:6      | Killed Blork the orc
  5367 | D:6      | Reached XP level 9. HP: 37/60 MP: 9/9
  5372 | D:6      | Reached skill level 5 in Fighting
  5497 | D:6      | Noticed Edmund
  5508 | D:6      | Killed Edmund
  5856 | D:7      | Noticed a gargoyle
  5867 | D:7      | Killed from afar by a gargoyle

Illustrated notes

Levels and vault maps discovered:
D:1:      psy_arrival_dodecagon, layout_loops_ring, due_unseen_surprise
D:2:      layout_loops_ring, serial_shops, shop
D:3:      layout_loops_ring
D:4:      layout_cave_pools, kennysheep_diamond
D:5:      layout_loops_ring, minmay_temple_entry_large_hall
D:6:      layout_loops_ring, nicolae_uskayaw_murder_on_the_dancefloor,
          minmay_door_square, uniq_grinder, uniq_edmund, uniq_pikel,
          uniq_blork_the_orc
D:7:      layout_loops_ring, gammafunk_ghost_grave
Temple:   sentei_temple_godly_chess

Skill      XL: |  1  2  3  4  5  6  7  8  9 |
---------------+----------------------------+-----
Fighting       | 2 3 4 5 |  5.2
Shapeshifting  | 4 5 6 7 |  7.4
Dodging        | 3 4 5 |  5.4
Unarmed Combat | 4 5 6 |  6.0

Action                     |  1- 3 |  4- 6 |  7- 9 || total
---------------------------+-------+-------+-------++-------
  Melee: Unarmed           |    14 |       |   105 ||   119
         Constrict         |     9 |    27 |    34 ||    70
         Tentacles         |     6 |    18 |    30 ||    54
         Short sword       |    27 |    91 |    30 ||   148
         Punch             |       |     2 |     9 ||    11
  Evoke: Wand              |       |       |     6 ||     6
    Use: Potion            |       |       |     6 ||     6
   Stab: Sleeping          |    10 |     6 |     1 ||    17
 Armour: Skin              |    14 |    48 |   123 ||   185
  Dodge: Dodged            |    15 |    52 |    52 ||   119

Table legend: (Time is in decaauts)
 A = Elapsed time spent in this place.
 B = Non-inter-level travel time spent in this place.
 C = Inter-level travel time spent in this place.
 D = Time resting spent in this place.
 E = Time spent auto-exploring this place.
 F = Levels seen in this place.
 G = Mean time per level.
                   A        B        C        D        E       F      G
               +--------+--------+--------+--------+--------+-----+--------+
         Total |   5854 |   5743 |    111 |    139 |   4854 |   8 |  731.8 |
       Dungeon |   5841 |   5730 |    111 |    139 |   4854 |   7 |  834.4 |
        Temple |     12 |     12 |      0 |      0 |      0 |   1 |   12.0 |
               +--------+--------+--------+--------+--------+-----+--------+

Top non-repeatable levels by time:
     D:6: 1233 daAuts
     D:5: 1137 daAuts
     D:3: 975 daAuts
     D:4: 895 daAuts
     D:2: 733 daAuts
     D:1: 718 daAuts
     D:7: 148 daAuts
  Temple: 12 daAuts
